 Dungeon Crawl Stone Soup version 0.31.0-12-g77e489cdc1 (webtiles) character file.

Game seed: 9204449232368020689

8313 Highwayman the Black Sun (level 11, -3/84 HPs)
             Began as a Demonspawn Brigand on Mar 2, 2024.
             Was a High Priest of Kikubaaqudgha.
             Slain by Gastronok (25 damage)
             ... on level 9 of the Dungeon on Mar 3, 2024.
             The game lasted 00:31:23 (14682 turns).

Highwayman the Black Sun (Demonspawn Brigand)      Turns: 14682, Time: 00:31:24

Health: -3/84      AC: 15    Str: 11      XL:     11   Next: 8%
Magic:  6/18       EV: 13    Int: 15      God:    Kikubaaqudgha [*****.]
Gold:   555        SH:  4    Dex: 15 (16) Spells: 0/20 levels left

rFire   . . .        J - +2 dagger (speed)
rCold   . . .        (no shield)
rNeg    . . .        I - +2 acid dragon scales
rPois   .            (no helmet)
rElec   .            c - +0 cloak
rCorr   +            n - +2 pair of gloves {Stlth+}
SInv    .            (no boots)
Will    .....        r - amulet of faith {!P}
Stlth   ++++         L - ring of flight
HPRegen 0.34/turn    (no ring)
MPRegen 0.16/turn

%: faith
@: mighty, flying, slowed, very slow
A: hooves 2, yellow scales 2, spiny 1, condensation shield
a: Renounce Religion, Unearth Wretches, Torment


You were on level 9 of the Dungeon.
You worshipped Kikubaaqudgha.
Kikubaaqudgha was extremely pleased with you.
You visited 1 branch of the dungeon, and saw 10 of its levels.

You collected 555 gold pieces.


Innate Abilities, Weirdness & Mutations

You have hoof-like feet.
You are mostly covered in yellow scales. (AC +3)
You are partially covered in sharp spines.
A meltable shield of frost defends you. (SH +4)


   Skills:
 - Level 7.0 Fighting
 + Level 4.3 Short Blades
 - Level 3.0 Throwing
 - Level 5.0 Dodging
 - Level 5.0 Stealth
 - Level 5.0 Spellcasting
 - Level 3.0 Summonings
 + Level 12.3 Necromancy
 - Level 3.0 Earth Magic


You couldn't memorise any spells.
You knew the following spells:

 Your Spells              Type           Power      Damage    Failure   Level
b - Borgnjor's Vile Clut  Necr/Erth      13%        N/A       30%         5
c - Curse of Agony        Necr           40%        N/A       4%          5
f - Fugue of the Fallen   Necr           40%        N/A       1%          3
m - Martyr's Knell        Necr/Summ      26%        N/A       11%         4
v - Vampiric Draining     Necr           40%        2d8       1%          3

Your spell library contained the following spells:

 Spells                   Type           Power      Damage    Failure   Level
 Kiss of Death            Conj/Necr      88%        2d12      1%          1
 Necrotise                Necr           100%       1d9       1%          1
 Sublimation of Blood     Necr           40%        N/A       1%          2
 Dispel Undead            Necr           40%        3d16      1%          4
 Cigotuvi's Dreadful Rot  Necr/Alch/Air  32%        N/A       7%          2
 Summon Small Mammal      Summ           48%        N/A       8%          1
 Anguish                  Hex/Necr       11%        N/A       21%         4
 Call Canine Familiar     Summ           12%        N/A       22%         3
 Apportation              Tloc           6%         N/A       26%         1
 Sting                    Conj/Alch      12%        1d3       26%         1
 Ensorcelled Hibernation  Hex/Ice        6%         N/A       36%         2
 Jinxbite                 Hex            6%         N/A       36%         2
 Stone Arrow              Conj/Erth      16%        3d8       38%         3
 Confusing Touch          Hex            3%         N/A       58%         3
 Dazzling Flash           Conj/Hex       6%         N/A       58%         3
 Sigil of Binding         Hex            3%         N/A       58%         3
 Volatile Blastmotes      Fire/Tloc      6%         2d10      58%         3
 Animate Armour           Summ/Erth      24%        N/A       58%         4
 Dimensional Bullseye     Hex/Tloc       1%         N/A       94%         4
 Manifold Assault         Tloc           3%         N/A       94%         4
 Yara's Violent Unravell  Hex/Alch       1%         3d3       100%        5
 Dispersal                Tloc           1%         N/A       100%        6
 Starburst                Conj/Fire      1%         6d3       100%        6
 Enfeeble                 Hex            1%         N/A       100%        7
 Disjunction              Tloc           1%         N/A       100%        8
 Lehudib's Crystal Spear  Conj/Erth      4%         10d3      100%        8
 Maxwell's Capacitive Co  Air            1%         ∞         100%        8

Inventory:

Hand Weapons
 w - a +0 whip of electrocution
 J - a +2 dagger of speed (weapon)
Missiles
 d - 26 poisoned darts (quivered)
 x - 3 curare-tipped darts {=f}
 G - a throwing net {=f}
Armour
 c - a +0 cloak (worn)
 n - a +2 pair of gloves of stealth (worn)
 q - a +1 robe of resistance
 I - +2 acid dragon scales (worn)
Jewellery
 r - an amulet of faith (around neck) {!P}
 L - a ring of flight (left hand)
Wands
 F - a wand of flame (5)
Scrolls
 b - a scroll of blinking
 g - a scroll of silence {unknown}
 i - a scroll of fear
 m - a scroll of noise
 o - a scroll of immolation {unknown}
 t - a scroll of fog {unknown}
 u - 2 scrolls of poison
 y - a scroll of enchant weapon {unknown}
 A - a scroll of amnesia
 B - a scroll of vulnerability {unknown}
 C - a scroll of enchant armour
 E - a scroll of revelation {unknown}
Potions
 h - 2 potions of curing {@q1}
 j - a potion of ambrosia
 k - a potion of might
 l - a potion of lignification {unknown}
 p - a potion of resistance {unknown}
 s - 2 potions of enlightenment
 v - a potion of magic
 D - a potion of mutation {unknown}
 H - a potion of degeneration

Dungeon Overview and Level Annotations

Branches:
Dungeon (10/15)            Temple (0/1) D:6
   Lair: D:8-11         Orc: D:9-12

Altars:
Gozag
Hepliaklqana
Kikubaaqudgha
Okawaru
Qazlal
Xom
Yredelemnul

Shops:
D:6 :

Annotations:
D:4 3 runed translucent doors, CBP's ghost, novice GnCK
D:6 1 exclusion
D:9 3 runed translucent doors, Gastronok; OlivierBoivin's ghost, novice TeCj

###..####..#######..# #..####.
....................# #.......
....................######.......
..#######..#######...............
..# #..# #.......o.w.[... ..#
#..# #..######..§[...
..#######.)#######..# #..o....
.................§..# #.......
...........[....@w..# #.......
....................# #.......
............).......# #..####.
...........<........# #..# #.
...▒▒▒+++▒▒▒........######..# #.
...▒....?.W▒................# #.
...▒▒.....▒▒................# #.
..)▒.......▒........######.Y# #.
...▒▒.$$$.▒▒........# #..# #.


You could see Gastronok.


Message History

You kill the bat!
The bat's corpse disappears in a puff of smoke!
Gastronok bites you!!
* * * LOW HITPOINT WARNING * * *
Unknown command.
You feel very mighty all of a sudden. The quokka is struck by your spines.
The quokka bites you but does no damage. x3
You block Gastronok's attack.
Unknown command.
You hit Gastronok. You kick Gastronok.
Gastronok is heavily wounded.
Gastronok is no longer covered in acid.
The quokka is struck by your spines.
The quokka bites you but does no damage.
The quokka is struck by your spines.
You kill the quokka!
The quokka's corpse disappears in a puff of smoke!
You puncture Gastronok! You kick Gastronok!
Gastronok is severely wounded.
The quokka is struck by your spines.
You kill the quokka!
The quokka's corpse disappears in a puff of smoke!
Your magical contamination has completely faded away.
Unknown command.
You hit Gastronok but do no damage.
Gastronok is severely wounded.
Gastronok bites you!!
You die...
Gastronok gurgles, "Let's see if you taste as good as that wizard did."
Kikubaaqudgha rasps: "You have failed me!
Welcome... death!"

Skill      XL: |  1  2  3  4  5  6  7  8  9 10 |
---------------+-------------------------------+-----
Fighting       | 3 4 5 6 7 |  7.0
Stealth        | 4 5 |  5.0
Necromancy     | 1 6 7 10 11 12 | 12.3
Throwing       | 3 |  3.0
Spellcasting   | 1 5 |  5.0
Summonings     | 3 |  3.0
Short Blades   | 3 4 |  4.3
Dodging        | 5 |  5.0
Earth Magic    | 3 |  3.0

Action                     |  1- 3 |  4- 6 |  7- 9 | 10-12 || total
---------------------------+-------+-------+-------+-------++-------
  Melee: Dagger            |   137 |    52 |   350 |   424 ||   963
         Punch             |     1 |       |     4 |     8 ||    13
         Kick              |       |       |   126 |   171 ||   297
  Throw: Dart              |       |    22 |     2 |     7 ||    31
   Cast: Fugue of the Fall |       |       |     6 |       ||     6
         Necrotise         |       |       |    18 |    21 ||    39
         Martyr's Knell    |       |       |     1 |       ||     1
         Curse of Agony    |       |       |       |     3 ||     3
  Evoke: Wand              |       |       |     1 |     3 ||     4
    Use: Scroll            |       |       |     4 |    13 ||    17
         Potion            |       |       |     1 |     2 ||     3
   Stab: Sleeping          |    21 |     7 |    15 |     5 ||    48
         Distracted        |       |       |       |     1 ||     1
 Armour: Robe              |    67 |    16 |   306 |   142 ||   531
         Leather armour    |       |     1 |       |       ||     1
         Acid dragon scale |       |       |       |   114 ||   114
  Dodge: Dodged            |    73 |    10 |   263 |   195 ||   541
  Block: Other             |     9 |     6 |    77 |    58 ||   150

Levels and vault maps discovered:
D:1:      scummos_arrival_simple_crosswalls, layout_basic, minmay_misc_feat_x,
          minmay_misc_feat_rugged, minmay_tromino_v4_a
D:2:      layout_basic, serial_glass, glass_columns_a, glass_columns_a
D:3:      layout_loops_ring, nicolae_overflow_crystal_walls,
          basic_ecumenical_altar, uniq_jessica
D:4:      layout_gridville, gammafunk_ghost_necromancy, uniq_blork_the_orc,
          uniq_pikel
D:5:      layout_basic
D:6:      cheibrodos_two_vegetables, layout_rooms,
          nicolae_yredelemnul_corpse_copse, minmay_temple_entry_large_hall,
          minmay_misc_feat_secret_circle, nicolae_take_the_stairs
D:7:      layout_cave_pods
D:8:      lemuel_castle_with_subvaults [lemuel_castle_interior_carwin_3],
          layout_cave_pods, doesnt_xom_only_xom,
          nicolae_qazlal_scattered_showers
D:9:      layout_small_grid, mainiacjoe_overflow_alcove_1,
          gammafunk_ghost_spectres, kennysheep_doodads, bh_walls_and_bars,
          uniq_maggie
D:10:     layout_rooms, mainiacjoe_overflow_concentric_impassable,
          mainiacjoe_overflow_boulevard, due_lair_maze_entry_diamond,
          uniq_gastronok

Notes
Turn   | Place    | Note
-------+----------+-------------------------------------------
     0 | D:1      | Highwayman the Demonspawn Brigand began the quest for the
                  | Orb.
     0 | D:1      | Reached XP level 1. HP: 16/16 MP: 1/1
   174 | D:1      | Gained mutation: You are partially covered in sharp spines.
                  | [demonic ancestry]
   174 | D:1      | Reached XP level 2. HP: 22/23 MP: 2/2
   266 | D:1      | Reached skill level 3 in Fighting
   390 | D:1      | Gained mutation: A meltable shield of frost defends you.
                  | (SH +4) [demonic ancestry]
   390 | D:1      | Reached XP level 3. HP: 29/29 MP: 3/3
  1134 | D:2      | Reached skill level 4 in Fighting
  2033 | D:3      | Found a faded altar of an unknown god.
  2102 | D:3      | Gained mutation: You are partially covered in yellow
                  | scales. (AC +2) [demonic ancestry]
  2102 | D:3      | Reached XP level 4. HP: 21/38 MP: 4/4
  2245 | D:3      | Identified a +1 robe of resistance
  2245 | D:3      | Noticed Jessica
  2255 | D:3      | Killed Jessica
  2457 | D:3      | Found an ancient bone altar of Kikubaaqudgha.
  2518 | D:3      | Noticed an ogre
  2528 | D:3      | Killed an ogre
  2529 | D:3      | Reached skill level 5 in Fighting
  2529 | D:3      | Reached skill level 4 in Stealth
  2529 | D:3      | Reached XP level 5. HP: 44/44 MP: 5/5
  2730 | D:3      | Became a worshipper of Kikubaaqudgha
  2735 | D:3      | Learned a level 3 spell: Fugue of the Fallen
  2993 | D:4      | Reached skill level 5 in Stealth
  2993 | D:4      | Reached skill level 1 in Necromancy
  3017 | D:4      | Reached XP level 6. HP: 51/51 MP: 6/6
  3035 | D:4      | Reached skill level 2 in Necromancy
  3150 | D:4      | Noticed Blork the orc
  3164 | D:4      | Killed Blork the orc
  3165 | D:4      | Reached skill level 3 in Necromancy
  3225 | D:4      | Identified a +1 robe of resistance
  3225 | D:4      | Noticed Pikel
  3247 | D:4      | Killed Pikel
  3248 | D:4      | Reached skill level 5 in Necromancy
  3248 | D:4      | Reached skill level 6 in Necromancy
  3248 | D:4      | Reached skill level 3 in Throwing
  3248 | D:4      | Gained mutation: You have large cloven feet. [demonic
                  | ancestry]
  3248 | D:4      | Reached XP level 7. HP: 39/56 MP: 7/7
  3482 | D:4      | Reached * piety under Kikubaaqudgha
  3482 | D:4      | Received a gift from Kikubaaqudgha
  3767 | D:4      | Found a runed translucent gate.
  3768 | D:4      | Found a runed translucent gate.
  3769 | D:4      | Found a runed translucent gate.
  3770 | D:4      | Noticed CBP's ghost (novice GnCK)
  3874 | D:5      | Entered Level 5 of the Dungeon
  3887 | D:4      | Reached skill level 7 in Necromancy
  3993 | D:5      | Reached XP level 8. HP: 51/62 MP: 8/8
  4259 | D:4      | Reached skill level 8 in Necromancy
  4264 | D:4      | Learned a level 1 spell: Necrotise
  4587 | D:5      | Reached ** piety under Kikubaaqudgha
  4597 | D:5      | Reached skill level 1 in Spellcasting
  5232 | D:6      | Reached skill level 9 in Necromancy
  5237 | D:6      | Learned a level 4 spell: Martyr's Knell
  5237 | D:6      | Found a staircase to the Ecumenical Temple.
  5344 | D:6      | Found Coal's Book Boutique.
  5460 | D:6      | Found a basalt altar of Yredelemnul.
  5480 | D:6      | Reached skill level 1 in Summonings
  5557 | D:6      | Reached skill level 2 in Summonings
  5887 | D:6      | Reached skill level 3 in Summonings
  5887 | D:6      | Identified the +1 chain mail of the Orb {Dex+2}
  6254 | D:7      | Reached skill level 10 in Necromancy
  6254 | D:7      | Gained mutation: You have hoof-like feet. [demonic
                  | ancestry]
  6254 | D:7      | Reached XP level 9. HP: 67/68 MP: 10/10
  6876 | D:7      | Reached *** piety under Kikubaaqudgha
  6876 | D:7      | Received a gift from Kikubaaqudgha
  7020 | D:7      | Reached skill level 11 in Necromancy
  7658 | D:8      | Found a stormy altar of Qazlal.
  7706 | D:8      | HP: 4/69 [gnoll/+0 spear[a gnoll sergeant] (3)]
  7923 | D:8      | Reached skill level 6 in Fighting
  7923 | D:8      | Reached skill level 2 in Spellcasting
  7963 | D:8      | Reached skill level 3 in Spellcasting
  8095 | D:7      | HP: 6/69 [poisoned by a killer bee]
  8531 | D:8      | Reached skill level 4 in Spellcasting
  8609 | D:8      | Reached skill level 5 in Spellcasting
  8614 | D:8      | Reached skill level 2 in Short Blades
  8851 | D:8      | Reached skill level 3 in Short Blades
  8856 | D:8      | Reached **** piety under Kikubaaqudgha
  8958 | D:8      | Reached XP level 10. HP: 75/76 MP: 17/17
  9038 | D:8      | Reached skill level 4 in Short Blades
  9038 | D:8      | Reached skill level 1 in Dodging
  9200 | D:8      | Reached skill level 2 in Dodging
  9216 | D:8      | Learned a level 3 spell: Vampiric Draining
  9843 | D:8      | Reached skill level 3 in Dodging
 10505 | D:8      | Found a stormy altar of Qazlal.
 10516 | D:8      | Reached skill level 4 in Dodging
 10690 | D:8      | Found a shimmering altar of Xom.
 10690 | D:8      | Found a shimmering altar of Xom.
 10692 | D:8      | Found a hazy altar of Hepliaklqana.
 10692 | D:8      | Found a hazy altar of Hepliaklqana.
 10692 | D:8      | Found an ancient bone altar of Kikubaaqudgha.
 10738 | D:8      | Noticed a cyclops
 10749 | D:8      | Killed a cyclops
 10750 | D:8      | Reached skill level 5 in Dodging
 10757 | D:8      | HP: 4/76 [ogre/+0 giant club (6)]
 10758 | D:8      | Reached ***** piety under Kikubaaqudgha
 11566 | D:8      | Learned a level 5 spell: Borgnjor's Vile Clutch
 11656 | D:9      | Reached skill level 7 in Fighting
 11656 | D:9      | Reached skill level 1 in Earth Magic
 11776 | D:9      | Reached skill level 2 in Earth Magic
 12099 | D:9      | Noticed OlivierBoivin's ghost (novice TeCj)
 12099 | D:9      | Found a runed translucent gate.
 12099 | D:9      | Found a runed translucent gate.
 12099 | D:9      | Found a runed translucent gate.
 12499 | D:9      | Noticed Maggie
 12521 | D:9      | Killed Maggie
 12522 | D:9      | Reached skill level 3 in Earth Magic
 12839 | D:9      | Found an opulent altar of Gozag.
 13187 | D:9      | Reached skill level 12 in Necromancy
 13192 | D:9      | Gained mutation: You are mostly covered in yellow scales.
                  | (AC +3) [demonic ancestry]
 13192 | D:9      | Reached XP level 11. HP: 33/84 MP: 15/18
 13510 | D:9      | Learned a level 5 spell: Curse of Agony
 13531 | D:10     | Entered Level 10 of the Dungeon
 13533 | D:10     | Found an iron altar of Okawaru.
 13554 | D:10     | Noticed a sixfirhy
 13984 | D:10     | Noticed Gastronok
 14682 | D:9      | Slain by Gastronok

Vanquished Creatures
  Pikel (D:4)
  A cyclops (D:8)
  Maggie (D:9)
  2 kobold demonologists (D:9)
  A wraith (D:9)
  5 yaks (D:9)
  A water moccasin (D:7)
  5 orc warriors
  A hornet zombie (D:6)
  7 ogres
  A sky beast (D:8)
  3 centaurs
  3 kobold brigands (D:8)
  Blork the orc (D:4)
  2 scorpions (D:6)
  2 gnoll sergeants (D:8)
  4 bullfrogs
  17 killer bees
  8 howler monkeys
  2 jellies
  A bullfrog zombie (D:6)
  2 centaur zombies (D:6)
  12 orc priests
  A bombardier beetle (D:4)
  6 gnoll boudas
  14 hounds
  A sleepcap (D:5)
  Jessica (D:3)
  3 iguanas
  18 orc wizards
  2 howler monkey zombies (D:6)
  20 gnolls
  9 adders
  A shadow imp (D:7)
  A white imp (D:5)
  2 ufetubi (D:4)
  A dart slug (D:4)
  2 ribbon worms
  38 orcs
  8 ball pythons
  9 endoplasms
  A giant cockroach (D:2)
  8 goblins
  5 hobgoblins
  17 jackals
  12 kobolds
  4 quokkas
  10 bats
  5 frilled lizards
  10 rats
292 creatures vanquished.

Vanquished Creatures (collateral kills)
  A yak (D:9)
  A steam dragon (D:9)
  An orc priest (D:7)
  An orc (D:7)
4 creatures vanquished.

Vanquished Creatures (others)
  A killer bee (D:9)
  An orc (D:5)
2 creatures vanquished.

Grand Total: 298 creatures vanquished

Table legend: (Time is in decaauts)
 A = Elapsed time spent in this place.
 B = Non-inter-level travel time spent in this place.
 C = Inter-level travel time spent in this place.
 D = Time resting spent in this place.
 E = Time spent auto-exploring this place.
 F = Levels seen in this place.
 G = Mean time per level.
                   A        B        C        D        E       F      G
               +--------+--------+--------+--------+--------+-----+--------+
         Total |  14562 |  14144 |    418 |   5183 |   6663 |  10 | 1456.2 |
       Dungeon |  14562 |  14144 |    418 |   5183 |   6663 |  10 | 1456.2 |
               +--------+--------+--------+--------+--------+-----+--------+

Top non-repeatable levels by time:
     D:8: 4003 daAuts
     D:7: 2787 daAuts
     D:9: 1650 daAuts
     D:4: 1588 daAuts
     D:2: 1095 daAuts
     D:1: 902 daAuts
     D:3: 891 daAuts
     D:6: 855 daAuts
     D:5: 720 daAuts
    D:10: 67 daAuts

Table legend:
 A = Non-vault XP
 B = Vault XP
 C = Vault XP percentage of total XP
 D = Non-vault monster count
 E = Vault monster count
 F = Vault count percentage of total count
                 A         B        C        D         E       F
            +---------+---------+-------+---------+---------+-------
      Total |    7477 |    4399 |  37.0 |     231 |      65 |  22.0
            +---------+---------+-------+---------+---------+-------
        D:1 |      53 |       7 |  11.7 |      31 |       4 |  11.4
        D:2 |      32 |       0 |   0.0 |      20 |       0 |   0.0
        D:3 |     153 |      37 |  19.5 |      18 |       1 |   5.3
        D:4 |     587 |     707 |  54.6 |      30 |       2 |   6.2
        D:5 |     437 |       0 |   0.0 |      25 |       0 |   0.0
        D:6 |     346 |     382 |  52.5 |       9 |       7 |  43.8
        D:7 |    1017 |      40 |   3.8 |      28 |       1 |   3.4
        D:8 |    1810 |    2831 |  61.0 |      41 |      49 |  54.4
        D:9 |    2992 |     395 |  11.7 |      22 |       1 |   4.3
       D:10 |      50 |       0 |   0.0 |       7 |       0 |   0.0
            +---------+---------+-------+---------+---------+-------
